 Dungeon Crawl Stone Soup version 0.25.0-9-g26727b657a (webtiles) character file.

Game seed: 17435992282434055394

99 Jakers the Gusty (level 4, -1/33 HPs)
             Began as a Demigod Air Elementalist on June 21, 2020.
             Slain by a phantom (8 damage)
             ... on level 4 of the Dungeon.
             The game lasted 00:09:33 (2949 turns).

Jakers the Gusty (Demigod Air Elementalist)         Turns: 2949, Time: 00:09:33

Health: -1/33      AC:  6    Str: 11    XL:     4   Next: 22%
Magic:  9/9        EV: 13    Int: 21    God:
Gold:   153        SH:  0    Dex: 22    Spells: 3/6 levels left

rFire    . . .     SeeInvis .   b - +2 spear (venom)
rCold    . . .     Gourm    .   (no shield)
rNeg     . . .     Faith    .   a - +0 robe
rPois    .         Spirit   .   j - +0 helmet
rElec    .         Reflect  .   r - +0 cloak
rCorr    +         Harm     .   x - +0 pair of gloves
MR       .....                  d - +0 pair of boots
Stlth    ++........             (no amulet)
HPRegen  0.11/turn              g - ring of resist corrosion
MPRegen  0.11/turn              w - +6 ring of dexterity

@: no status effects
A: high mp 1
a: no special abilities


You were on level 4 of the Dungeon.
You were very hungry.

You visited 1 branch of the dungeon, and saw 4 of its levels.

You collected 153 gold pieces.

Inventory:

Hand Weapons
 b - a +2 spear of venom (weapon)
 e - a +0 short sword
Missiles
 k - 43 poisoned darts (quivered)
Armour
 a - a +0 robe (worn)
 d - a +0 pair of boots (worn)
 j - a +0 helmet (worn)
 m - a +0 leather armour of cold resistance
 r - a +0 cloak (worn)
 x - a +0 pair of gloves (worn)
Jewellery
 g - a ring of resist corrosion (left hand)
 w - a +6 ring of dexterity (right hand)
Wands
 n - a wand of flame (13)
 q - a wand of acid (2)
Scrolls
 f - 2 scrolls of fog {unknown}
 h - 3 scrolls of remove curse
 i - a scroll of noise {unknown}
 l - a scroll of immolation {unknown}
 s - a scroll of blinking {unknown}
 u - a scroll of amnesia {unknown}
Potions
 o - a potion of curing
Comestibles
 c - 6 rations
 p - 2 chunks of flesh


   Skills:
 - Level 1.7 Dodging
 - Level 1.7 Stealth
 - Level 1.7 Spellcasting
 - Level 0.8 Conjurations
 + Level 4.8 Air Magic


You had 3 spell levels left.
You knew the following spells:

 Your Spells              Type           Power        Failure   Level  Hunger
a - Shock                 Conj/Air       ##..         4%          1    #......
b - Swiftness             Chrm/Air       ##......     9%          2    ###....

Your spell library contained the following spells:

 Spells                   Type           Power        Failure   Level  Hunger
 Static Discharge         Conj/Air       ##......     14%         3    ###....
 Airstrike                Air            ###.......   21%         4    #####..
 Lightning Bolt           Conj/Air       ##........   78%         5    ######.


Dungeon Overview and Level Annotations

Branches:
Dungeon (4/15)             Temple (0/1) D:4


Innate Abilities, Weirdness & Mutations

You have an increased reservoir of magic. (+10% MP)


Message History

The phantom blinks!
An ogre comes into view. It is wielding a +0 giant club.
You hit the phantom.
The phantom is moderately damaged.
The phantom misses you.
You hit the phantom.
The phantom is moderately damaged.
The phantom hits you.
The phantom blinks!
You hit the phantom.
The phantom is moderately damaged.
The phantom hits you but does no damage.
You hit the phantom.
The phantom is heavily damaged.
The ogre hits you with a +0 giant club. The phantom barely misses you.
You hit the phantom.
The phantom is heavily damaged.
The ogre hits you with a +0 giant club!
* * * LOW HITPOINT WARNING * * *
The phantom hits you!
You die...

##...###...##......... .#
...#........#.?(...... ..#
#....##..>..##W.......
..##.#...#........#...###
....##..##...###.....#
#..##)..#.###...###.# #
#..##...#.#...### # #####
#...........#.$# ....####
##...W@..#..##..#
###....####....O#.....# #...
..###.......#..######...###.
#......>#####.## #...#
#...###.[.###.(# ..... ..#.#
###......## ##...# ###.#
##....[.# ##...
..#.#####..###..##### ..#
#.....##..## #......# ..


You could see a phantom and an ogre.

Vanquished Creatures
  2 adders
  2 oozes (D:1)
  3 worms (D:2)
  2 dart slugs
  A leopard gecko (D:2)
  6 orcs
  4 giant cockroaches
  2 goblins (D:1)
  6 hobgoblins
  2 jackals (D:4)
  8 kobolds
  A quokka (D:4)
  5 bats
  4 frilled lizards
  3 rats
51 creatures vanquished.

Notes
Turn   | Place    | Note
-------+----------+-------------------------------------------
     0 | D:1      | Jakers the Demigod Air Elementalist began the quest for the
                  | Orb.
     0 | D:1      | Reached XP level 1. HP: 14/14 MP: 5/5
   264 | D:1      | Reached skill level 3 in Air Magic
   314 | D:1      | Reached XP level 2. HP: 20/20 MP: 1/7
   451 | D:1      | Learned a level 2 spell: Swiftness
  1410 | D:2      | Reached XP level 3. HP: 26/26 MP: 4/8
  1424 | D:2      | Reached skill level 4 in Air Magic
  2027 | D:2      | Found a shadowy altar of Dithmenos.
  2410 | D:4      | Reached XP level 4. HP: 14/33 MP: 1/9
  2428 | D:4      | HP: 2/49 [poisoned by an orc]
  2436 | D:4      | HP: 2/49 [poisoned by an orc]
  2905 | D:4      | Found a staircase to the Ecumenical Temple.
  2921 | D:4      | Noticed a phantom
  2943 | D:4      | Noticed an ogre
  2949 | D:4      | Slain by a phantom

Illustrated notes

Levels and vault maps discovered:
D:1:      elethiomel_arrival_shortcut, layout_basic, minmay_pentomino_v2
D:2:      layout_rooms, old_standard_altar, first_ration
D:3:      lemuel_upstairs_altar, layout_basic
D:4:      layout_rooms, minmay_temple_entry_slanted, gup_sewer_entry_spiral

Skill      XL: |  1  2  3 |
---------------+----------+-----
Air Magic      | 3 4 |  4.8
Dodging        | |  1.7
Stealth        | |  1.7
Spellcasting   | |  1.7
Conjurations   | |  0.8

Action                   |  1- 3 |  4- 6 || total
-------------------------+-------+-------++-------
Melee: Short sword       |    29 |    10 ||    39
       Spear             |       |    14 ||    14
Throw: Dart              |     1 |       ||     1
 Cast: Shock             |    72 |    12 ||    84
       Swiftness         |     2 |       ||     2
  Use: Scroll            |     3 |     2 ||     5
       Potion            |     3 |       ||     3
  Eat: Chunk             |     2 |     1 ||     3
       Ration            |     1 |       ||     1
Armor: Robe              |    11 |     2 ||    13
       Skin              |    12 |    18 ||    30
Dodge: Dodged            |    43 |    11 ||    54
